 Dungeon Crawl Stone Soup version 0.28-a0-1143-gcf6077d4cc (webtiles) character file.

Game seed: 2253262265977729977

2943 spaghetti the Grappler (level 10, -5/46 (53) HPs)
             Began as a Djinni Berserker on Dec 14, 2021.
             Was a Believer of Trog.
             Killed from afar by Harold (6 damage)
             ... with a harpoon shot
             ... on level 7 of the Dungeon.
             The game lasted 00:13:57 (9917 turns).

spaghetti the Grappler (Djinni Berserker)           Turns: 9917, Time: 00:13:58

HP:   -5/46 (53)    AC: 14    Str: 15    XL:     10   Next: 7%
Gold: 72            EV: 12    Int:  8    God:    Trog [**....] SH:  0 Dex: 25

rFire   + + +      SeeInvis .     - Unarmed
rCold   . . .      Faith    +   (no shield)
rNeg    . . .      Spirit   .   H - +4 scale mail of the Vacuum {+Inv}
rPois   ∞          Reflect  .   (no helmet)
rElec   +          Harm     .   (no cloak)
rCorr   +          Rampage  .   K - +2 pair of gloves of the Equator {rF+ Str-5 Dex+5}
Will    +....                   (boots unavailable)
Stlth   +.........              J - amulet of faith {!P}
HPRegen 0.15/turn               f - +6 ring of dexterity
MPRegen 0.00/turn               u - +4 ring of evasion

@: brilliant, resistant, marked, on berserk cooldown, flying, held, slowed,
heavily drained, very slow
A: sickness immunity, fire resistance 2, cold vulnerability 1, float, innate
caster, hp casting, extra vitality 1, frail 2
a: Renounce Religion, Evoke Invisibility, Berserk, Trog's Hand


You were on level 7 of the Dungeon.
You worshipped Trog.
Trog was pleased with you.
You visited 1 branch of the dungeon, and saw 7 of its levels.

You collected 252 gold pieces.
You spent 180 gold pieces at shops.


Innate Abilities, Weirdness & Mutations

You are immune to sickness and miasma.
You are immune to poison.
Your flesh is very heat resistant. (rF++)
You are vulnerable to cold. (rC-)
You float through the air rather than walking.
You learn spells naturally, not from books.
Your magical power is your life essence.
You have superior vitality. (+4 HP)
You are very frail. (-20% HP)


   Skills:
 - Level 3.0 Fighting
 + Level 4.1 Throwing
 - Level 5.0 Armour
 + Level 8.6 Dodging
 + Level 9.0 Unarmed Combat


You couldn't memorise any spells.
You knew the following spells:

 Your Spells              Type           Power      Damage    Failure   Level
a - Magic Dart            Conj           0%         1d3       83%         1
b - Static Discharge      Conj/Air       0%         N/A       93%         2
c - Mephitic Cloud        Conj/Pois/Air  0%         N/A       99%         3
d - Inner Flame           Hex/Fire       0%         N/A       99%         3
Your spell library was empty.

Inventory:

Missiles
 a - a throwing net {=f!fthrowing}
 e - 153 stones (quivered) {throwing}
 j - 4 curare-tipped darts {=fthrowing}
 n - 3 boomerangs {throwing}
 s - 66 arrows
 D - 19 sling bullets
 E - 19 poisoned darts {throwing}
 I - 22 bolts
Armour
 H - the +4 scale mail of the Vacuum (worn) {+Inv}
   (You found it on level 6 of the Dungeon)

   +Inv:      It lets you turn invisible.
 K - the +2 pair of gloves of the Equator (worn) {rF+ Str-5 Dex+5}
   (You bought it in a shop on level 7 of the Dungeon)

   Str:       It affects your strength (-5).
   Dex:       It affects your dexterity (+5).
   rF:        It protects you from fire.
Jewellery
 f - a +6 ring of dexterity (left hand)
   (You found it on level 2 of the Dungeon)
 i - a +6 ring of strength
   (You found it on level 2 of the Dungeon)
 u - a +4 ring of evasion (right hand)
   (You found it on level 4 of the Dungeon)
 w - a ring of fire
   (You found it on level 4 of the Dungeon)
 y - a ring of fire
   (You found it on level 4 of the Dungeon)
 A - a ring of ice
   (You found it on level 4 of the Dungeon)
 J - an amulet of faith (around neck) {!P}
   (You found it on level 6 of the Dungeon)
Wands
 z - a wand of iceblast (6)
   (You found it on level 4 of the Dungeon)
 G - a wand of flame (31)
   (You found it on level 6 of the Dungeon)
Scrolls
 b - 3 scrolls of teleportation {unknown}
 k - 2 scrolls of amnesia {unknown}
 l - a scroll of enchant armour {unknown}
 m - a scroll of silence {!r}
 o - 4 scrolls of identify {unknown}
 q - a scroll of immolation {unknown}
 C - a scroll of enchant weapon {unknown}
 L - a scroll of summoning {unknown}
 M - a scroll of magic mapping {unknown}
Potions
 c - 2 potions of mutation {!q}
 p - 2 potions of flight
 r - a potion of curing {unknown}
 t - a potion of degeneration {!q@e2}
 x - 5 potions of might {unknown}
 B - a potion of cancellation {unknown}
 F - a potion of attraction {unknown}

Dungeon Overview and Level Annotations

Branches:
Dungeon (7/15)             Temple (0/1) D:4

Altars:
Hepliaklqana
Vehumet
Yredelemnul
The Shining One

Shops:
D:4 *   D:7 [

Annotations:
D:7 Harold

....#.......#...+
....#.......#...#
....#.......#...#
....#.......#...#
#####.......#..##
.......######..###+######
.......#..........@.....#
.......#................+
................@{......#
................©.......#
.....###......(####...###
....##.###...###$. .....
....# .. #..# ..##......
.... ### .^.# .......
.#..# ....... ..#.


You could see Harold.


Message History

You hit Harold. Harold hits you but does no damage.
You punch Harold! Harold gestures at you while chanting.
You barely resist. 😕 HP[+1]
You feel a strong urge to attack something.
You feel less confused.
Harold throws a throwing net.
The throwing net hits you.
You become entangled in the net!
You see here a throwing net {=f!fthrowing}.
You struggle against the net.
Harold hits you from afar with a +0 trident! 😮 HP[-15]
You take 15 damage, and now have 71/100 hp.
You tear a large gash into the net.
You feel your anger nearly subside.
You are no longer berserk.
You are exhausted.
You feel yourself slow down. 😮 HP[-23]
You now have 67 max hp (-33).
You rip the net and break free!
The vampire completely misses you.
The vampire bites you but does no damage.
Harold hits you from afar with a +0 trident!!
* * * LOW HITPOINT WARNING * * *
The vampire barely misses you. The vampire bites you.
* * * LOW HITPOINT WARNING * * *
Harold barely misses you. 😨 HP[-20]
You take 20 damage, and now have 28/67 hp.
MASSIVE DAMAGE!! (PAUSE) Unknown command.
Okay, then.
Okay, then.
Okay, then.
Okay, then.
Okay, then.
Okay, then.
You feel drained.
You fail to use your ability.
The vampire gestures at you while chanting.
You are confused.
Harold throws a throwing net.
The throwing net closely misses you.
You now have 60 max hp (-7).
It was a potion of brilliance.
You feel clever all of a sudden.
The vampire mumbles some strange words.
The vampire flickers and vanishes!
Deactivating autopickup; reactivate with Ctrl-A.
Harold throws a throwing net.
The throwing net completely misses you. Something hits you but does no damage.
Something barely misses you.
Harold hits you from afar with a +0 trident!
* * * LOW HITPOINT WARNING * * *
😨 HP[-12]
You take 12 damage, and now have 16/60 hp.
Unknown command.
Unknown command.
Unknown command.
Unknown command.
Unknown command.
Okay, then.
It was a potion of mutation.
You feel extremely strange.
You feel frail. x2
Something closely misses you. Something bites you but does no damage.
Harold throws a throwing net.
The throwing net hits you.
You become entangled in the net!
You now have 46 max hp (-14).
Unknown command.
Unknown command.
Unknown command.
Unknown command.
It was a potion of resistance.
You feel protected. Something hits you but does no damage. Something bites you!
* * * LOW HITPOINT WARNING * * *
Harold casts a spell at you. A sentinel's mark forms upon you.
Something hits you but does no damage. Something bites you but does no damage.
Harold hits you but does no damage. 😱 HP[-9]
You take 9 damage, and now have 7/46 hp.
Unknown command.
Unknown command.
Unknown command.
Unknown command.
It was a potion of magic.
Magic washes over you without effect. Something hits you but does no damage.
Something bites you but does no damage. Harold closely misses you.
Unknown command.
Unknown command.
Unknown command.
It was a potion of flight.
You feel more buoyant.
You feel less confused. Something hits you.
* * * LOW HITPOINT WARNING * * *
Something bites you but does no damage. Harold fires a harpoon shot at you.
The harpoon shot hits you.
You die...

Skill      XL: |  1  2  3  4  5  6  7  8  9 10 |
---------------+-------------------------------+-----
Unarmed Combat | 4 5 6 7 8 9 |  9.0
Dodging        | 3 4 5 6 8 |  8.6
Armour         | 3 4 5 |  5.0
Throwing       | 1 3 4 |  4.1
Fighting       | |  3.0

Action                   |  1- 3 |  4- 6 |  7- 9 | 10-12 || total
-------------------------+-------+-------+-------+-------++-------
Melee: Unarmed           |   106 |   152 |   297 |    52 ||   607
       Punch             |     2 |     3 |    11 |     1 ||    17
Throw: Stone             |       |       |     8 |       ||     8
Invok: Berserk           |     4 |     2 |     7 |       ||    13
Evoke: Wand              |       |       |     2 |     2 ||     4
  Use: Potion            |       |     1 |       |     6 ||     7
       Scroll            |       |       |     1 |       ||     1
 Stab: Sleeping          |     2 |     4 |     3 |       ||     9
Armor: Animal skin       |    27 |    17 |     8 |       ||    52
       Scale mail        |       |       |    27 |    24 ||    51
Dodge: Dodged            |    83 |    96 |   268 |    53 ||   500

Levels and vault maps discovered:
D:1:      dpeg_arrival_central, layout_rooms, ebering_ecumenical_altar_hall
D:2:      layout_loops_corners, basic_altar, minmay_small_reverse_x
D:3:      layout_basic, lemuel_crystal_altar
D:4:      layout_rooms, minmay_temple_entry_sparse_star, serial_shops,
          kennysheep_mini_moat, gup_sewer_entry_pipe
D:5:      layout_rooms, wad_floor_pattern_untrapped, solitary_fountain
D:6:      layout_cave_pools, minmay_overflow_temple_star_quad
D:7:      layout_gridville, amcnicky_altar_gilded,
          gammafunk_ghost_abyssal_escape, serial_shops, shop,
          nicolae_stop_n_shop_1, uniq_duvessa, uniq_harold

Notes
Turn   | Place    | Note
-------+----------+-------------------------------------------
     0 | D:1      | spaghetti the Djinni Berserker began the quest for the Orb.
     0 | D:1      | Reached XP level 1. HP: 20/20 MP: 0/0
     0 | D:1      | magus.rc [v1.9.6]
    70 | D:1      | Reached XP level 2. HP: 10/25 MP: 0/0
    70 | D:1      | HP: 7/37 [jackal (3)]
   633 | D:1      | Reached skill level 4 in Unarmed Combat
   633 | D:1      | Reached XP level 3. HP: 14/30 MP: 0/0
   633 | D:1      | Learned a level 1 spell: Magic Dart
  1191 | D:1      | Found a faded altar of an unknown god.
  1296 | D:2      | HP: 11/45 [quokka (1)]
  1822 | D:2      | Reached XP level 4. HP: 31/35 MP: 0/0
  1866 | D:2      | Found a glowing golden altar of the Shining One.
  2525 | D:3      | Found a hazy altar of Hepliaklqana.
  3354 | D:3      | Reached ** piety under Trog
  3355 | D:3      | Reached skill level 3 in Dodging
  3355 | D:3      | Reached XP level 5. HP: 39/40 MP: 0/0
  3355 | D:3      | Learned a level 2 spell: Static Discharge
  3597 | D:4      | Reached skill level 5 in Unarmed Combat
  3726 | D:4      | Reached skill level 3 in Armour
  3726 | D:4      | Reached XP level 6. HP: 37/46 MP: 0/0
  3735 | D:4      | HP: 4/46 [acid (10)]
  3763 | D:4      | HP: 12/69 [acid (1)]
  4147 | D:4      | Found Cuwaebb's General Store.
  4373 | D:4      | Noticed an ogre
  4382 | D:4      | Reached skill level 4 in Dodging
  4388 | D:4      | Killed an ogre
  4389 | D:4      | Reached XP level 7. HP: 46/50 MP: 0/0
  4389 | D:4      | Learned a level 3 spell: Mephitic Cloud
  4619 | D:4      | Found a staircase to the Ecumenical Temple.
  4947 | D:5      | Entered Level 5 of the Dungeon
  4993 | D:5      | Reached skill level 4 in Armour
  5198 | D:5      | Reached skill level 6 in Unarmed Combat
  5259 | D:5      | Reached skill level 5 in Dodging
  5879 | D:5      | Reached XP level 8. HP: 40/56 MP: 0/0
  5881 | D:5      | HP: 3/84 [orc warrior (19)]
  6399 | D:5      | Reached skill level 5 in Armour
  6632 | D:5      | Reached skill level 6 in Dodging
  6632 | D:5      | Reached skill level 7 in Unarmed Combat
  7658 | D:6      | Reached skill level 1 in Throwing
  7987 | D:6      | Reached XP level 9. HP: 51/60 MP: 0/0
  7987 | D:6      | Learned a level 3 spell: Inner Flame
  8248 | D:6      | Noticed a troll
  8277 | D:6      | Killed a troll
  8278 | D:6      | Reached skill level 2 in Throwing
  8278 | D:6      | Reached skill level 7 in Dodging
  8596 | D:6      | Identified the +4 scale mail of the Vacuum {+Inv}
  8630 | D:6      | Found a glowing golden altar of the Shining One.
  8633 | D:6      | Found a basalt altar of Yredelemnul.
  8682 | D:6      | Reached skill level 8 in Unarmed Combat
  8869 | D:7      | Found Quupufamp's Antique Armour Shop.
  8872 | D:7      | Bought a pair of jewelled gloves for 180 gold pieces
  8872 | D:7      | Identified the +2 pair of gloves of the Equator {rF+ Str-5
                  | Dex+5} (You bought it in a shop on level 7 of the Dungeon)
  8901 | D:7      | Noticed Dowan
  8909 | D:7      | Noticed Duvessa
  8929 | D:7      | Killed Duvessa
  8930 | D:7      | Reached skill level 3 in Throwing
  8931 | D:7      | Killed Dowan
  9366 | D:7      | Reached skill level 8 in Dodging
  9479 | D:7      | Reached XP level 10. HP: 49/67 MP: 0/0
  9661 | D:7      | Reached skill level 4 in Throwing
  9862 | D:7      | Reached skill level 9 in Unarmed Combat
  9897 | D:7      | Noticed Harold
  9914 | D:7      | Gained mutation: You are frail. (-10% HP) [potion of
                  | mutation]
  9914 | D:7      | Gained mutation: You are very frail. (-20% HP) [potion of
                  | mutation]
  9915 | D:7      | HP: 7/46 [something (9)]
  9917 | D:7      | HP: 1/46 [something (6)]
  9917 | D:7      | Killed from afar by Harold

Vanquished Creatures
  A centaur zombie (D:7)
  A troll (D:6)
  Duvessa (D:7)
  A sky beast (D:5)
  2 orc warriors
  2 black bears (D:7)
  3 ogres
  3 necrophages
  A phantom (D:5)
  3 bullfrogs
  A wyvern zombie (D:6)
  A gnoll sergeant (D:7)
  3 scorpions
  Dowan (D:7)
  A bullfrog zombie (D:5)
  4 jellies
  5 hounds
  A gnoll shaman (D:5)
  2 iguanas
  2 orc wizards
  A killer bee zombie (D:7)
  A hound skeleton (D:5)
  A howler monkey skeleton (D:5)
  8 gnolls
  4 adders
  A white imp (D:6)
  An ufetubus (D:4)
  5 dart slugs
  15 orcs
  9 ball pythons
  8 bats
  8 endoplasms
  4 giant cockroaches
  2 goblins
  3 hobgoblins
  8 jackals
  2 kobolds
  11 quokkas
  3 frilled lizards (D:1)
  2 rats (D:1)
136 creatures vanquished.

Table legend:
 A = Non-vault XP
 B = Vault XP
 C = Vault XP percentage of total XP
 D = Non-vault monster count
 E = Vault monster count
 F = Vault count percentage of total count
                 A         B        C        D         E       F
            +---------+---------+-------+---------+---------+-------
      Total |    3972 |     233 |   5.5 |     125 |      11 |   8.1
            +---------+---------+-------+---------+---------+-------
        D:1 |      49 |       0 |   0.0 |      27 |       0 |   0.0
        D:2 |      22 |       8 |  26.7 |       9 |       4 |  30.8
        D:3 |      96 |       0 |   0.0 |      23 |       0 |   0.0
        D:4 |     417 |      10 |   2.3 |      16 |       5 |  23.8
        D:5 |    1039 |       0 |   0.0 |      19 |       0 |   0.0
        D:6 |     989 |       0 |   0.0 |      14 |       0 |   0.0
        D:7 |    1360 |     215 |  13.7 |      17 |       2 |  10.5
            +---------+---------+-------+---------+---------+-------

Illustrated notes

Table legend:
 A = Kills in this place as a percentage of kills in entire the game.
 B = Kills by you in this place as a percentage of kills by you in the entire game.
 C = Kills by friends in this place as a percentage of kills by friends in the entire game.
 D = Other kills in this place as a percentage of other kills in the entire game.
 E = Experience gained in this place as a percentage of experience gained in the entire game.
 F = Experience gained in this place divided by the number of levels of this place that you have seen.
                   A       B       C       D       E      F
               +-------+-------+-------+-------+-------+----------------------
         Total | 100.0 | 100.0 |   N/A |   N/A | 100.0 | 600.7
       Dungeon | 100.0 | 100.0 |   N/A |   N/A | 100.0 | 600.7
               +-------+-------+-------+-------+-------+----------------------

Table legend: (Time is in decaauts)
 A = Elapsed time spent in this place.
 B = Non-inter-level travel time spent in this place.
 C = Inter-level travel time spent in this place.
 D = Time resting spent in this place.
 E = Time spent auto-exploring this place.
 F = Levels seen in this place.
 G = Mean time per level.
                   A        B        C        D        E       F      G
               +--------+--------+--------+--------+--------+-----+--------+
         Total |   9970 |   9757 |    213 |   4753 |   3915 |   7 | 1424.3 |
       Dungeon |   9970 |   9757 |    213 |   4753 |   3915 |   7 | 1424.3 |
               +--------+--------+--------+--------+--------+-----+--------+

Top non-repeatable levels by time:
     D:5: 2667 daAuts
     D:6: 1480 daAuts
     D:4: 1393 daAuts
     D:1: 1267 daAuts
     D:2: 1231 daAuts
     D:3: 1087 daAuts
     D:7: 842 daAuts
